 Dungeon Crawl Stone Soup version 0.22.0-36-g8e74550 (webtiles) character file.

22 leisz the Grave Robber (level 2, -1/20 HPs)
             Began as a Demonspawn Necromancer on Aug 24, 2018.
             Killed from afar by Sigmund (11 damage)
             ... with a puff of flame
             ... on level 2 of the Dungeon.
             The game lasted 00:03:50 (1375 turns).

leisz the Grave Robber (Demonspawn Necromancer)     Turns: 1375, Time: 00:03:51

Health: -1/20      AC:  3    Str:  8    XL:     2   Next: 68%
Magic:  5/5        EV: 12    Int: 16    God:
Gold:   8          SH:  0    Dex: 13    Spells: 3/5 levels left

rFire    . . .     SeeInvis .   p - +0 hunting sling
rCold    . . .     Gourm    .   (no shield)
rNeg     . . .     Faith    .   a - +0 robe
rPois    .         Spirit   .   (helmet restricted)
rElec    .         Reflect  .   s - +0 cloak
rCorr    .         Harm     .   (no gloves)
MR       .....                  (no boots)
Stlth    ++........             (no amulet)
HPRegen  0.06/turn              (no ring)
MPRegen  0.09/turn              (no ring)

@: no status effects
A: antennae 1
a: no special abilities


You were on level 2 of the Dungeon.
You were hungry.

You visited 1 branch of the dungeon, and saw 2 of its levels.

You collected 8 gold pieces.

Inventory:

Hand Weapons
 n - a +1 dagger of electrocution
 p - a +0 hunting sling (weapon)
Missiles
 f - 74 stones
 q - 9 sling bullets (quivered)
Armour
 a - a +0 robe (worn)
 s - a +0 cloak (worn)
Scrolls
 d - 2 scrolls of fear {unknown}
 e - 6 scrolls of identify {unknown}
 g - a scroll of teleportation {unknown}
 h - a scroll of amnesia {unknown}
 j - a scroll of remove curse {unknown}
 o - 2 scrolls of immolation {unknown}
 r - a scroll of noise {unknown}
Potions
 b - a potion of lignification {unknown}
 i - a potion of might {unknown}
 k - a potion of magic {unknown}
 l - a potion of heal wounds {unknown}
 m - a potion of brilliance {unknown}
Comestibles
 c - a ration


   Skills:
 + Level 0.8 Fighting
 + Level 0.7 Armour
 - Level 1.9 Dodging
 - Level 1.8 Stealth
 + Level 2.3 Spellcasting
 + Level 4.6 Necromancy


You had 3 spell levels left.
You knew the following spells:

 Your Spells              Type           Power        Failure   Level  Hunger
a - Pain                  Necr           ###.         3%          1    #......
b - Animate Skeleton      Necr           N/A          3%          1    #......

Your spell library contained the following spells:

 Spells                   Type           Power        Failure   Level  Hunger
 Vampiric Draining        Necr           ###.......   9%          3    ###....
 Regeneration             Chrm/Necr      #.........   24%         3    ###....
 Animate Dead             Necr           N/A          30%         4    #####..


Dungeon Overview and Level Annotations

Branches:
Dungeon (2/15)

Altars:

Annotations:
D:2 Sigmund


Innate Abilities, Weirdness & Mutations

You have a pair of small antennae on your head.


Message History

Press: ? - help, Shift-Dir - straight line, f/p - Sigmund
Aim: Sigmund, wielding a scythe and wearing a robe (lightly wounded)
You shoot a sling bullet. The sling bullet barely misses Sigmund.
Sigmund drinks a potion.
Sigmund seems to speed up.
Firing (i - inventory. (/) - cycle)
q - 10 sling bullets (quivered)
Press: ? - help, Shift-Dir - straight line, f/p - Sigmund
Aim: Sigmund, wielding a scythe and wearing a robe (lightly wounded, fast)
You shoot a sling bullet. The sling bullet barely misses Sigmund.
Sigmund casts a spell.
Sigmund flickers and vanishes!
Deactivating autopickup; reactivate with Ctrl-A.
Something hits you.
You hear some strange, mumbled words.
Something tries to affect you, but you resist.
A puff of flame appears from out of thin air!
The puff of flame hits you!
A puff of flame appears from out of thin air!
The puff of flame hits you!
Ouch! That really hurt!
You die...

..)......♣ ♣♣♣
♣......... ..)#####♣.♣
♣♣.####### # ...# ♣♣
♣♣...# #######.# ...####
♣♣ ♣....# #.......#
....... .♣ ♣♣...#
#........ ...##... ♣.
♣♣...###......## ...# ..
♣ ♣♣.♣♣.......?.......
..(# ♣
....♣........###..(...##
...# ♣....@.....#
#...(..# ####
.............# #......#
.............# #......#
.....######### #........
##### #...(....
#####(...


There were no monsters in sight!

Vanquished Creatures
  A worm (D:2)
  3 giant cockroaches
  3 goblins
  2 hobgoblins
  4 bats
  3 frilled lizards
  A kobold (D:1)
  2 rats (D:1)
19 creatures vanquished.

Notes
Turn   | Place    | Note
-------+----------+-------------------------------------------
     0 | D:1      | leisz the Demonspawn Necromancer began the quest for the Orb.
     0 | D:1      | Reached XP level 1. HP: 13/13 MP: 3/3
   106 | D:1      | Learned a level 1 spell: Animate Skeleton
   237 | D:1      | Gained mutation: You have a pair of small antennae on your head. [demonic ancestry]
   237 | D:1      | Reached XP level 2. HP: 5/19 MP: 0/5
  1362 | D:2      | Noticed Sigmund
  1375 | D:2      | Killed from afar by Sigmund

Action                   || total
-------------------------++-------
Melee: Unarmed           ||     4
       Dagger            ||     4
 Fire: Hunting sling     ||     5
Throw: Stone             ||    14
 Cast: Pain              ||    27
  Eat: Chunk             ||     1
Armor: Robe              ||     1
Dodge: Dodged            ||     8
